 Dungeon Crawl Stone Soup version 0.20.0-15-g7f486f2 (webtiles) character file.

377 grindst0ne the Insei (level 6, -1/38 HPs)
             Began as an Octopode Transmuter on June 10, 2017.
             Slain by Duvessa
             ... wielding a +0 short sword
              (9 damage)
             ... on level 4 of the Dungeon.
             The game lasted 00:14:42 (4327 turns).

grindst0ne the Insei (Octopode Transmuter)          Turns: 4327, Time: 00:14:43

Health: -1/38      AC:  1    Str: 10    XL:     6   Next: 73%
Magic:  2/9        EV: 13    Int: 18    God:
Gold:   234        SH:  0    Dex: 13    Spells: 6/9 levels left

rFire    . . .     SeeInvis .     - Unarmed
rCold    . . .     Gourm    .   (no shield)
rNeg     . . .     Faith    .   (helmet restricted)
rPois    .         Spirit   .   (no amulet)
rElec    .         Reflect  .   (no ring)
rCorr    .         Harm     .   (no ring)
MR       .....     Rnd*Tele +   (no ring)
Stlth    +++.......             (no ring)
Regen    0.2/turn               (no ring)
MPRegen  0.2/turn               (no ring)
                                (no ring)
                                (no ring)

@: no status effects
A: almost no armour, stealthy swim, amphibious, 8 rings, constrict 8, camouflage
1, clever 1, teleportitis 1, wild magic 1, gelatinous body 1
a: no special abilities


You were on level 4 of the Dungeon.
You were very hungry.

You visited 1 branch of the dungeon, and saw 4 of its levels.
You also visited: Sewer.

You collected 234 gold pieces.

Inventory:

Missiles
 q - 26 arrows
Armour
 m - a +0 large shield
Scrolls
 a - a scroll of immolation {unknown}
 d - 4 scrolls of remove curse {unknown}
 f - 3 scrolls of teleportation {unknown}
 h - 2 scrolls of identify {unknown}
 i - a scroll of amnesia {unknown}
 n - a scroll of enchant weapon {unknown}
 r - 3 scrolls of magic mapping {unknown}
Potions
 e - 2 potions of heal wounds {unknown}
 k - 2 potions of resistance
 l - 3 potions of curing
 o - a potion of brilliance {unknown}
 p - 3 potions of flight {unknown}
 s - a potion of might
Books
 b - a book of Changes

   Spells                             Type                      Level
   a - Beastly Appendage              Transmutation                1
   b - Sticks to Snakes               Transmutation                2
   c - Spider Form                    Transmutation/Poison         3
   d - Ice Form                       Ice/Transmutation            4
   e - Blade Hands                    Transmutation                5
Comestibles
 c - 5 bread rations
 g - 3 meat rations
 j - 2 royal jellies


   Skills:
 - Level 1.0 Fighting
 - Level 2.0 Dodging
 - Level 3.2 Stealth
 + Level 6.3 Unarmed Combat
 - Level 2.0 Spellcasting
 - Level 3.3 Transmutations


You had 6 spell levels left.
You knew the following spells:

 Your Spells              Type           Power        Failure   Level  Hunger
a - Beastly Appendage     Tmut           ###...       8%          1    #......
b - Sticks to Snakes      Tmut           ###.....     11%         2    ###....


Dungeon Overview and Level Annotations

Branches:
Dungeon (4/15)
 Temple: D:4-7

Altars:
Gozag
Makhleb
Vehumet

Annotations:
D:4 Duvessa


Innate Abilities, Weirdness & Mutations

You cannot wear most types of armour.
You are very stealthy in the water. (Stealth+)
You are amphibious.
You can wear up to eight rings at the same time.
You can use your tentacles to constrict eight enemies at once.
Your skin changes colour to match your surroundings (Stealth+).
Your rubbery body absorbs attacks. (AC +1, EV +1)
Your mind is acute. (Int +2)
You are occasionally teleported next to monsters.
Your spells are a little harder to cast, but a little more powerful.


Message History

You kill the howler monkey!
Duvessa rages.
You tentacle-slap Duvessa but do no damage.
You grab Duvessa. You squeeze Duvessa, but do no damage.
Duvessa is lightly wounded.
You constrict Duvessa, but do no damage.
Duvessa hits you with a short sword!
Casting: Sticks to Snakes
Confirm with . or Enter, or press ? or * to list all spells.
You create a snake!
You now have 26 arrows.
You constrict Duvessa, but do no damage.
Duvessa hits you with a short sword. Duvessa hits you with a short sword!
* * * LOW HITPOINT WARNING * * *
You release your grip on Duvessa.
Your ball python bites Duvessa but does no damage.
Your ball python closely misses Duvessa.
Your ball python bites Duvessa but does no damage.
Your ball python grabs Duvessa.
Your ball python constricts Duvessa.
Duvessa hits you with a short sword!
You die...

## .........
..#....8!._......#
#+###...####.#..............#
#... #....._..(........#
##$##..............####
#.........)..######
.........%## #....S.#
#....e.# #...@..# #......#
#......# #......# ########


You could see Duvessa (berserk) and a friendly ball python.

Vanquished Creatures
  A howler monkey (D:4)
  Terence (D:3)
  4 worker ants
  4 adders
  2 oozes
  2 worms (D:3)
  A dart slug (D:1)
  4 leopard geckos
  2 orcs (D:3)
  2 giant cockroaches
  6 goblins
  9 hobgoblins
  2 jackals (D:3)
  7 kobolds
  A quokka (D:3)
  2 ball pythons (Sewer)
  4 bats
  5 frilled lizards
  16 rats
75 creatures vanquished.

Vanquished Creatures (collateral kills)
  Purgy (Sewer)
  Dowan (D:4)
  A worm (D:4)
  A ball python (Sewer)
  2 goblins
  A jackal (D:3)
  3 kobolds
  A bat (D:1)
  2 frilled lizards (Sewer)
  2 rats (D:4)
15 creatures vanquished.

Grand Total: 90 creatures vanquished

Notes
Turn   | Place    | Note
-------+----------+-------------------------------------------
     0 | D:1      | grindst0ne the Octopode Transmuter began the quest for the Orb.
     0 | D:1      | Reached XP level 1. HP: 13/13 MP: 3/3
   123 | D:1      | Reached skill level 1 in Stealth
   375 | D:1      | Reached XP level 2. HP: 15/18 MP: 5/5
   593 | D:1      | Learned a level 2 spell: Sticks to Snakes
   702 | D:1      | Reached XP level 3. HP: 23/23 MP: 6/6
  1782 | D:2      | Reached XP level 4. HP: 24/28 MP: 7/7
  2771 | D:3      | Reached skill level 4 in Unarmed Combat
  2771 | D:3      | Reached XP level 5. HP: 19/33 MP: 8/8
  3245 | D:3      | Noticed Terence
  3263 | D:3      | Killed Terence
  3360 | D:3      | Reached skill level 5 in Unarmed Combat
  3461 | D:4      | Gained mutation: You are occasionally teleported next to monsters. [potion of mutation]
  3461 | D:4      | Gained mutation: Your spells are a little harder to cast, but a little more powerful. [potion of mutation]
  3461 | D:4      | Gained mutation: Your mind is acute. (Int +2) [potion of mutation]
  3602 | D:4      | Found a glowing drain.
  3611 | D:4      | Found a radiant altar of Vehumet.
  3633 | D:4      | Reached XP level 6. HP: 29/38 MP: 3/9
  3645 | Sewer    | Entered a sewer
  3771 | Sewer    | Noticed Purgy
  3908 | Sewer    | Killed Purgy
  4283 | D:4      | Found a burning altar of Makhleb.
  4285 | D:4      | Found an opulent altar of Gozag.
  4296 | D:4      | Noticed Dowan
  4300 | D:4      | Noticed Duvessa
  4311 | D:4      | Killed Dowan
  4311 | D:4      | Reached skill level 6 in Unarmed Combat
  4327 | D:4      | Slain by Duvessa

Skill      XL: |  1  2  3  4  5  6 |
---------------+-------------------+-----
Stealth        | 1 2 3 |  3.2
Transmutations | 3 |  3.3
Unarmed Combat | 4 5 6 |  6.3
Fighting       | |  1.0
Dodging        | |  2.0
Spellcasting   | |  2.0

Action                   |  1- 3 |  4- 6 || total
-------------------------+-------+-------++-------
Melee: Unarmed           |    85 |   111 ||   196
       Constrict         |    18 |    23 ||    41
       Tentacles         |    17 |    23 ||    40
       Punch             |     1 |     3 ||     4
 Cast: Sticks to Snakes  |     9 |    25 ||    34
  Use: Potion            |       |     5 ||     5
 Stab: Sleeping          |     5 |    10 ||    15
       Distracted        |       |     1 ||     1
  Eat: Chunk             |     3 |     9 ||    12
Armor: Skin              |     8 |     6 ||    14
Dodge: Dodged            |    59 |    66 ||   125
